 Dungeon Crawl Stone Soup version 0.27-a0-861-g9529aa9bf3 (webtiles) character file.

Game seed: 5595877983107366557

79 EnegeticOcto the Skirmisher (level 4, -3/39 HPs)
             Began as a Palentonga Arcane Marksman on Apr 2, 2021.
             Killed by nerve-wracking pain
             ... invoked by Grinder
              (9 damage)
             ... on level 3 of the Dungeon.
             The game lasted 00:03:07 (2165 turns).

EnegeticOcto the Skirmisher (PaAM)                  Turns: 2165, Time: 00:03:08

Health: -3/39      AC:  6    Str: 14    XL:     4   Next: 17%
Magic:  5/5        EV:  8    Int: 14    God:
Gold:   78         SH:  0    Dex: 10    Spells: 4/5 levels left

rFire    . . .     SeeInvis +   a - +0 hand crossbow
rCold    . . .     Faith    .   (no shield)
rNeg     . . .     Spirit   .   h - +0 ring mail
rPois    .         Reflect  .   (no helmet)
rElec    .         Harm     .   (no cloak)
rCorr    .         Rampage  .   l - +0 pair of gloves
Will     .....                  (no barding)
Stlth    ..........             (no amulet)
HPRegen  0.13/turn              (no ring)
MPRegen  0.09/turn              (no ring)

@: no status effects
A: large, rugged brown scales 3, see invisible, deformed body, roll 1, armoured
tail
a: Rolling Charge


You were on level 3 of the Dungeon.
You visited 1 branch of the dungeon, and saw 3 of its levels.

You collected 78 gold pieces.

Inventory:

Hand Weapons
 a - a +0 hand crossbow (weapon)
 k - a +0 short sword
   (You took it off a kobold on level 2 of the Dungeon)
Missiles
 b - 21 poisoned darts
 d - 6 bolts (quivered ammo)
Armour
 e - a +0 robe
 h - a +0 ring mail (worn)
   (You found it on level 1 of the Dungeon)
 l - a +0 pair of gloves (worn)
   (You found it on level 2 of the Dungeon)
Wands
 j - a wand of paralysis (3)
   (You found it on level 2 of the Dungeon)
Scrolls
 c - a scroll of magic mapping {unknown}
 i - 2 scrolls of teleportation {unknown}
Potions
 f - 2 potions of heal wounds {unknown}
 g - a potion of curing {unknown}


   Skills:
 + Level 4.1 Fighting
 - Level 1.5 Crossbows
 - Level 1.5 Dodging
 - Level 1.0 Spellcasting
 - Level 3.0 Hexes


You had 4 spell levels left.
You knew the following spells:

 Your Spells              Type           Power      Damage    Failure   Level
a - Corona                Hex            10%        N/A       16%         1

Your spell library contained the following spells:

 Spells                   Type           Power      Damage    Failure   Level
 Slow                     Hex            9%         N/A       24%         2
 Inner Flame              Hex/Fire       4%         N/A       65%         3
 Portal Projectile        Hex/Tloc       8%         N/A       65%         3
 Cause Fear               Hex            4%         N/A       83%         4
 Leda's Liquefaction      Hex/Erth       2%         N/A       96%         4


Dungeon Overview and Level Annotations

Branches:
Dungeon (3/15)

Altars:

Annotations:
D:3 Grinder


Innate Abilities, Weirdness & Mutations

You are completely covered in rugged brown scales. (AC +3, +7% HP)
You have supernaturally acute eyesight. (SInv)
Armour fits poorly on your strangely shaped body.
You can roll at nearby foes to attack.
You have a long armoured tail.


Message History

a - a +0 hand crossbow (weapon)
d - 6 bolts (gained 1)
d - 7 bolts (gained 1)
An adder comes into view.
The adder hisses angrily.
Fire: 7 bolts
Press: ? - help, Q - select action, (/) - cycle Shift-Dir - straight line, f - adder
Aim: an adder (42% to hit)
You shoot a bolt. The bolt hits the adder!
You kill the adder!
Your Fighting skill increases to level 4!
Fire: 6 bolts
Press: ? - help, Q - select action, (/) - cycle Shift-Dir - straight line, f - you Really target yourself? [Y]es or [N]o only, please.
Really target yourself?
Okay, then.
d - 7 bolts (gained 1)
There is an open door here.
A hobgoblin comes into view.
A hobgoblin is nearby!
Fire: 7 bolts
Press: ? - help, Q - select action, (/) - cycle Shift-Dir - straight line, f - hobgoblin
Aim: a hobgoblin (62% to hit)
You shoot a bolt.
The bolt hits the hobgoblin but does no damage.
Fire: 6 bolts
Press: ? - help, Q - select action, (/) - cycle Shift-Dir - straight line, f/p - hobgoblin
Aim: a hobgoblin (62% to hit)
You shoot a bolt. The bolt hits the hobgoblin!
You kill the hobgoblin!
d - 6 bolts (gained 1)
You see here a hobgoblin corpse.
d - 7 bolts (gained 1)
Found a pair of gloves.
You see here a +0 pair of gloves.
You start putting on your armour.
You continue putting on your +0 pair of gloves. x4
You finish putting on your +0 pair of gloves.
You see here a +0 ring mail.
Done exploring.
Done exploring.
Done exploring.
Search for what [Enter for "."]? .
(D) Dungeon
Where to? (Enter - D:2, ? - help)
There is a stone staircase leading down here.
You climb downwards.
You hear the sound of rushing water.
There is an entrance to a sewer on this level.
Hurry and find it before the portal rusts away!
A bat comes into view.
There is a stone staircase leading up here.
Fire: 7 bolts
Press: ? - help, Q - select action, (/) - cycle Shift-Dir - straight line, f - bat
Aim: a bat (48% to hit)
You shoot a bolt. The bolt hits the bat!
You kill the bat!
d - 7 bolts (gained 1)
You see here a bat corpse.
Grinder comes into view.
Grinder shouts!
You see here a bat corpse.
There is a stone staircase leading up here.
You start waiting.
Grinder is nearby!
Fire: 7 bolts
Press: ? - help, Q - select action, (/) - cycle Shift-Dir - straight line, f - Grinder
Aim: Grinder (58% to hit)
You shoot a bolt. The bolt completely misses Grinder.
Grinder gestures at you.
You suddenly lose the ability to move!
Grinder hits you but does no damage. Grinder gestures at you.
You resist with significant effort. Grinder hits you.
You writhe in agony.
Grinder says, "Wait up."
Grinder hits you.
You writhe in agony.
Grinder hits you.
You can move again.
Aiming: Paralyse
Press: ? - help, Shift-Dir - straight line, f/p - Grinder
Aim: Grinder (chance to affect: 46%) Grinder resists with some effort.
Grinder hits you!
* * * LOW HITPOINT WARNING * * *
Aiming: Paralyse
Press: ? - help, Shift-Dir - straight line, f/p - Grinder
Aim: Grinder (chance to affect: 46%) Grinder resists with some effort.
Grinder hits you but does no damage.
Aiming: Paralyse
Press: ? - help, Shift-Dir - straight line, f/p - Grinder
Aim: Grinder (chance to affect: 46%) Grinder resists with some effort.
Grinder hits you.
* * * LOW HITPOINT WARNING * * *
Aiming: Paralyse
Press: ? - help, Shift-Dir - straight line, f/p - Grinder
Aim: Grinder (chance to affect: 46%) Grinder resists with some effort.
Grinder gestures at you. Pain shoots through your body!
You die...

... ...
#.#..#.#######
.......5.....#
#.#..#######.###
... #...# # .
#########(##.#
.............#
.....####5#.##
### #@...#
##.#.# #.#.# #.#
# ###


You could see Grinder.

Vanquished Creatures
  2 adders (D:2)
  6 ball pythons
  4 endoplasms (D:1)
  2 giant cockroaches (D:1)
  5 goblins
  7 hobgoblins
  8 jackals (D:1)
  3 kobolds
  A quokka (D:1)
  7 bats
  3 frilled lizards
  4 rats
52 creatures vanquished.

Notes
Turn   | Place    | Note
-------+----------+-------------------------------------------
     0 | D:1      | EnegeticOcto the Palentonga Arcane Marksman began the quest
                  | for the Orb.
     0 | D:1      | Reached XP level 1. HP: 16/16 MP: 2/2
    40 | D:1      | Reached skill level 2 in Fighting
    47 | D:1      | Reached XP level 2. HP: 19/23 MP: 3/3
   532 | D:1      | Reached skill level 3 in Fighting
   576 | D:1      | Reached XP level 3. HP: 31/31 MP: 4/4
  1736 | D:2      | Reached XP level 4. HP: 39/39 MP: 5/5
  1913 | D:2      | Reached skill level 4 in Fighting
  2142 | D:3      | Noticed Grinder
  2155 | D:3      | Paralysed by Grinder for 7 turns
  2165 | D:3      | Killed from afar by Grinder

Illustrated notes

Levels and vault maps discovered:
D:1:      noname_arrival_rooms_in_the_neighbourhood, layout_basic, hex_medium
D:2:      layout_basic
D:3:      layout_basic, cheibrodos_sewer_entry_sluice, uniq_grinder, uniq_ijyb,
          uniq_sigmund

Skill      XL: |  1  2  3  4 |
---------------+-------------+-----
Fighting       | 2 3 4 |  4.1
Crossbows      | |  1.5
Dodging        | |  1.5
Spellcasting   | |  1.0
Hexes          | |  3.0

Action                   |  1- 3 |  4- 6 || total
-------------------------+-------+-------++-------
 Fire: Hand crossbow     |   115 |     5 ||   120
Evoke: Wand              |       |     4 ||     4
Armor: Robe              |    17 |       ||    17
       Ring mail         |     3 |     2 ||     5
Dodge: Dodged            |    32 |       ||    32

Table legend: (Time is in decaauts)
 A = Elapsed time spent in this place.
 B = Non-inter-level travel time spent in this place.
 C = Inter-level travel time spent in this place.
 D = Time resting spent in this place.
 E = Time spent auto-exploring this place.
 F = Levels seen in this place.
 G = Mean time per level.
                   A        B        C        D        E       F      G
               +--------+--------+--------+--------+--------+-----+--------+
         Total |   2214 |   2123 |     91 |      3 |   1764 |   3 |  738.0 |
       Dungeon |   2214 |   2123 |     91 |      3 |   1764 |   3 |  738.0 |
               +--------+--------+--------+--------+--------+-----+--------+

Top non-repeatable levels by time:
     D:1: 1322 daAuts
     D:2: 850 daAuts
     D:3: 41 daAuts
